 Dungeon Crawl Stone Soup version 0.17.0-28-g6e173f8 (webtiles) character file.

92 George the Cudgeler (level 4, 0/28 HPs)
             Began as a Gargoyle Fighter on Nov 22, 2015.
             Killed from afar by an orc wizard (8 damage)
             ... with a puff of flame
             ... on level 3 of the Dungeon.
             The game lasted 00:03:34 (1686 turns).

George the Cudgeler (Gargoyle Fighter)              Turns: 1686, Time: 00:03:34

Health: 0/28       AC: 12    Str: 24    XL:     4   Next: 60%
Magic:  4/4        EV:  7    Int:  6    God:
Gold:   60         SH: 11    Dex: 10    Spells: 0 memorised, 3 levels left

rFire  . . .     SeeInvis .     a - +0 flail
rCold  . . .     Clarity  .     b - +0 scale mail
rNeg   + . .     SustAt   .     j - +2 shield
rPois  ∞         Gourm    .     (no helmet)
rElec  +         Spirit   .     (no cloak)
rCorr  .         Warding  .     n - +0 pair of gloves
rMut   .         Stasis   .     f - +0 pair of boots
MR     .....                    (no amulet)
Stlth  ..........               (no ring)
                                m - -3 ring of intelligence (curse)

@: mighty, not resistant to hostile enchantments, extremely unstealthy
A: negative energy resistance 1, electricity resistance, unbreathing,
petrification resistance, rot immunity, AC +3
a: no special abilities


You were on level 3 of the Dungeon.
You were not hungry.

You visited 1 branch of the dungeon, and saw 3 of its levels.

You collected 60 gold pieces.

Inventory:

Hand Weapons
 a - a +0 flail (weapon)
Armour
 b - a +0 scale mail (worn)
 f - a +0 pair of boots (worn)
 j - a +2 shield (worn)
 n - a +0 pair of gloves (worn)
Jewellery
 m - a cursed -3 ring of intelligence (left hand)
Potions
 h - a potion of brilliance
 l - a potion of magic {unknown}
 p - a potion of poison {unknown}
Comestibles
 e - 2 bread rations
 g - a meat ration
 k - a royal jelly
 q - 3 fruits


   Skills:
 - Level 3.2 Fighting
 + Level 4.6 Maces & Flails
 - Level 3.2 Armour
 - Level 3.2 Shields


You had 3 spell levels left.
You didn't know any spells.

Dungeon Overview and Level Annotations

Branches:
Dungeon (3/15)

Altars:


Innate Abilities, Weirdness & Mutations

You are resistant to torment.
Your stone body is resilient (AC +3).
You are immune to poison.
You resist negative energy.
You are resistant to electric shocks.
You can survive without breathing.
You are immune to petrification.
You are immune to rotting.


Message History

The orc wizard hits you but does no damage.
The orc priest calls down the wrath of Beogh upon you.
Something smites you!
* * * LOW HITPOINT WARNING * * *
You hear a shout!
You closely miss the orc wizard.
The orc wizard hits you but does no damage.
You thump the orc wizard!
The orc wizard is severely wounded.
The orc wizard casts a spell at you. You resist with some effort.
The orc priest casts a cantrip, but nothing happens.
The orc wizard gestures at you while chanting.
You block the puff of flame.
You hit the orc wizard.
The orc wizard is almost dead.
The orc priest casts a cantrip, but nothing happens.
The orc wizard casts a spell at you. The puff of flame hits you!
You die...

#.#.###.#.# #.#.....#.#
#.#######.# #.........#
##############
(#.#o###.o.ooo......##########
.."....ol..olSo.†.......>.....
......o..####o###.....(.......
.#####.### #@# #.#†#########.
... #.# #)#.# #. #### #.#
#.#.# #. #.# #.#.# #[ #.#
#.#.# #. #.# #.#.# #. #.#
#.#.# #. #.# #.#.# #. #.#
#.#[# #.


You could see an orc priest, 2 orc wizards, 2 orcs, a ball python and a giant
newt.

Vanquished Creatures
  3 gnolls (D:3)
  A worm (D:3)
  4 giant geckos
  3 orcs (D:3)
  7 bats
  2 giant cockroaches
  5 goblins
  6 hobgoblins
  5 kobolds
  2 quokkas (D:2)
  3 ball pythons (D:2)
  5 rats
46 creatures vanquished.

Vanquished Creatures (others)
  2 orcs (D:3)
2 creatures vanquished.

Grand Total: 48 creatures vanquished

Notes
Turn   | Place    | Note
--------------------------------------------------------------
     0 | D:1      | George the Gargoyle Fighter began the quest for the Orb.
     0 | D:1      | Reached XP level 1. HP: 14/14 MP: 1/1
   138 | D:1      | Reached XP level 2. HP: 19/19 MP: 2/2
   965 | D:2      | Reached XP level 3. HP: 23/23 MP: 3/3
  1492 | D:3      | Reached skill level 4 in Maces & Flails
  1562 | D:3      | Reached XP level 4. HP: 23/28 MP: 4/4
  1686 | D:3      | Killed from afar by an orc wizard

Action                   |  1- 3 |  4- 6 || total
-------------------------+-------+-------++-------
Melee: Flail             |   147 |    29 ||   176
  Use: Scroll            |     1 |     1 ||     2
       Potion            |       |     1 ||     1
  Eat: Chunk             |     2 |     1 ||     3
